 Dungeon Crawl Stone Soup version 0.24.1-14-gf8d2b509d9 (webtiles) character file.

Game seed: 4780687535395061391, levelgen mode: deterministic

330 Hugehornet the Covert (level 6, 0/39 HPs)
             Began as an Octopode Enchanter on May 19, 2020.
             Succumbed to a scorpion's poison
             ... on level 5 of the Dungeon.
             The game lasted 00:08:34 (3418 turns).

Hugehornet the Covert (Octopode Enchanter)          Turns: 3418, Time: 00:08:34

Health: 0/39       AC:  1    Str: 12    XL:     6   Next: 51%
Magic:  3/9        EV: 19    Int: 24    God:
Gold:   251        SH:  0    Dex: 18    Spells: 2/11 levels left

rFire    . . .     SeeInvis .   n - +8 dagger (venom)
rCold    . . .     Gourm    .   (no shield)
rNeg     . . .     Faith    .   (helmet restricted)
rPois    +         Spirit   .   (no amulet)
rElec    .         Reflect  .   b - ring of stealth
rCorr    .         Harm     .   p - ring of poison resistance
MR       .....                  (no ring)
Stlth    +++++++...             (no ring)
HPRegen  0.13/turn              (no ring)
MPRegen  0.11/turn              (no ring)
                                (no ring)
                                (no ring)

@: mighty, brilliant, agile, lethally poisoned (0 -> -2), flying, hasted, very
quick
A: almost no armour, stealthy swim, amphibious, 8 rings, constrict 8, fangs 1,
camouflage 1, low mp 1, robust 1, gelatinous body 1
a: no special abilities


You were on level 5 of the Dungeon.
You were not hungry.

You visited 1 branch of the dungeon, and saw 5 of its levels.

You collected 251 gold pieces.

Inventory:

Hand Weapons
 n - a +8 dagger of venom (weapon)
Jewellery
 a - an uncursed ring of ice
 b - a ring of stealth (left tentacle)
 p - a ring of poison resistance (right tentacle)
Wands
 m - a wand of flame (39)
Scrolls
 g - a scroll of blinking {unknown}
 i - 3 scrolls of teleportation
 j - 2 scrolls of magic mapping {unknown}
 k - a scroll of enchant weapon {unknown}
 l - 2 scrolls of fog {unknown}
 q - a scroll of random uselessness {unknown}
 r - a scroll of identify
Potions
 e - a potion of agility
 f - a potion of flight
 h - a potion of haste
Comestibles
 c - 14 rations


   Skills:
 + Level 2.2 Short Blades
 - Level 2.0 Dodging
 * Level 8.6 Stealth
 - Level 3.0 Spellcasting
 - Level 3.0 Hexes
 - Level 1.0 Ice Magic


You had 2 spell levels left.
You knew the following spells:

 Your Spells              Type           Power        Failure   Level  Hunger
a - Ensorcelled Hibernat  Hex/Ice        ####..       1%          2    ##.....
b - Corona                Hex            ####...      1%          1    None
c - Confuse               Hex            ####....     1%          3    ###....
d - Tukima's Dance        Hex            ####....     1%          3    ###....

Your spell library contained the following spells:

 Spells                   Type           Power        Failure   Level  Hunger
 Dazzling Spray           Conj/Hex       ####..       2%          3    ###....


Dungeon Overview and Level Annotations

Branches:
Dungeon (5/15)
 Temple: D:4-7

Altars:
Sif Muna
Vehumet

Shops:
D:4 }


Innate Abilities, Weirdness & Mutations

You cannot wear most types of armour.
You are very stealthy in the water. (Stealth+)
You are amphibious.
You can wear up to eight rings at the same time.
You can use your tentacles to constrict eight enemies at once.
Your skin changes colour to match your surroundings (Stealth+).
Your rubbery body absorbs attacks. (AC +1, EV +1)
You have very sharp teeth.
Your magical capacity is low. (-10% MP)
You are robust. (+10% HP)


Message History

Your surroundings suddenly seem different.
Found a scroll of remove curse.
A hound comes into view.
You are too injured to fight recklessly!
* * * LOW HITPOINT WARNING * * *
You feel sick.
The helpless hound fails to defend itself.
You perforate the hound like a sieve!!!
You kill the hound!
* * * LOW HITPOINT WARNING * * *
You feel sick.
* * * LOW HITPOINT WARNING * * *
You feel sick.
Your magical contamination has completely faded away.
There is a lethal amount of poison in your body!
You feel yourself speed up.
* * * LOW HITPOINT WARNING * * *
You feel sick.
Okay, then.
You die...

## #.
#. #.
##+####
#...
#.....#
###.
#.....#
##
#@....#
#.?...#
#.....#
#.....#
##.####
.# .#
.# .#


There were no monsters in sight!

Vanquished Creatures
  A scorpion (D:5)
  A hound (D:5)
  An orc priest (D:3)
  Ijyb (D:4)
  An orc wizard (D:3)
  A centaur skeleton (D:4)
  A howler monkey skeleton (D:4)
  4 adders
  2 oozes
  A worm (D:2)
  4 dart slugs
  5 orcs
  A ball python (D:4)
  5 giant cockroaches
  10 goblins
  5 hobgoblins
  2 quokkas
  6 bats
  9 frilled lizards
  6 kobolds
  A leopard gecko skeleton (D:4)
  A quokka skeleton (D:5)
  6 rats
75 creatures vanquished.

Notes
Turn   | Place    | Note
-------+----------+-------------------------------------------
     0 | D:1      | Hugehornet the Octopode Enchanter began the quest for the
                  | Orb.
     0 | D:1      | Reached XP level 1. HP: 11/11 MP: 3/3
   292 | D:1      | Reached XP level 2. HP: 17/17 MP: 5/5
   296 | D:1      | Learned a level 2 spell: Ensorcelled Hibernation
   525 | D:1      | Reached skill level 5 in Stealth
   794 | D:2      | Reached XP level 3. HP: 21/21 MP: 6/6
   802 | D:2      | Learned a level 3 spell: Confuse
  1299 | D:2      | Reached skill level 6 in Stealth
  1299 | D:2      | Reached XP level 4. HP: 27/27 MP: 5/8
  2294 | D:3      | Reached XP level 5. HP: 31/31 MP: 9/9
  2299 | D:3      | Reached skill level 7 in Stealth
  2304 | D:3      | Learned a level 3 spell: Tukima's Dance
  2399 | D:3      | Found a radiant altar of Vehumet.
  2759 | D:4      | Noticed Ijyb
  2760 | D:4      | Killed Ijyb
  3002 | D:4      | Reached skill level 1 in Ice Magic
  3075 | D:4      | Found Qounniba's Gadget Emporium.
  3183 | D:4      | Reached skill level 8 in Stealth
  3183 | D:4      | Reached XP level 6. HP: 36/36 MP: 10/10
  3300 | D:4      | Found a shimmering blue altar of Sif Muna.
  3350 | D:5      | Entered Level 5 of the Dungeon
  3397 | D:5      | Gained mutation: Your magical capacity is low. (-10% MP)
                  | [potion of mutation]
  3397 | D:5      | Gained mutation: You are robust. (+10% HP) [potion of
                  | mutation]
  3397 | D:5      | Gained mutation: You have very sharp teeth. [potion of
                  | mutation]
  3408 | D:5      | HP: 1/39 [poisoned by a scorpion]
  3418 | D:5      | Succumbed to a scorpion's poison

Levels and vault maps discovered:
D:1:      minmay_arrival_open_corners, layout_basic, minmay_misc_feat_enclosed
D:2:      minmay_inner_zag, layout_basic
D:3:      layout_basic, vehumet_crystals
D:4:      layout_loops_cross, lemuel_blue_sif_altar, first_ration, serial_shops,
          kennysheep_mini_moat, uniq_ijyb
D:5:      layout_basic, okawaru_metal_pillars_1_2

Skill      XL: |  1  2  3  4  5  6 |
---------------+-------------------+-----
Stealth        | 5 6 8 |  8.6
Spellcasting   | 3 |  3.0
Ice Magic      | 1 |  1.0
Short Blades   | 2 |  2.2
Dodging        | |  2.0
Hexes          | |  3.0

Action                   |  1- 3 |  4- 6 || total
-------------------------+-------+-------++-------
Melee: Dagger            |    56 |    65 ||   121
       Constrict         |     9 |    10 ||    19
       Tentacles         |     4 |     7 ||    11
 Cast: Ensorcelled Hiber |     7 |    14 ||    21
  Use: Scroll            |       |     3 ||     3
       Potion            |       |     6 ||     6
 Stab: Sleeping          |    23 |    26 ||    49
  Eat: Chunk             |     1 |     4 ||     5
       Ration            |       |     1 ||     1
Armor: Skin              |     4 |     5 ||     9
Dodge: Dodged            |    16 |    23 ||    39
